cohdb
Replays
Latest Replays
All Replays
Popular Replays
Top Player Replays
Match Explorer
How It Works
Community
CoH3 Stats
Reddit
Sign in to upload your games and track your stats! →
Sign in with Steam
Match 45373893
Unlisted
Match 45373893
Overview
Messages
Build Orders
End
Panzergrenadier Squad
Selects Panzerjäger Kommand Battlegroup
Panzergrenadier Squad
Panzergrenadier Squad
Construct Light Support Kompanie
2.5-tonne Medical Truck
MG34 Team
Fire Support Elements
Selects Mine Fields
Pak 38 Mechanized Group
Combat Half-tracks
le.IG 18 Support Gun Team
2.5-tonne Medical Truck
Construct Panzerarmee Kommand
Veteran Squad Leaders
Veteran Squad Leaders
Construct Panzerarmee Kommand
Panzer III L Medium Tank
Selects Defensive Positions
Selects Butterfly Bomb Drop
Selects Tank Busters
Selects Crew Shock Tactics
Emergency Repair Kits
Crew Shock Tactics
dobRi3000
B站鲨鱼菜鸟
braindamage
purepinoy
0
0
Comments
sign in to comment!
No comments posted yet!